 Dungeon Crawl Stone Soup version 0.28.0-53-g5a82cb258f (webtiles) character file.

Game seed: 14627841608529609895

737 issech the Chopper (level 7, -1/63 HPs)
             Began as a Minotaur Monk on June 1, 2022.
             Killed from afar by a steam dragon (17 damage)
             ... with a ball of steam
             ... on level 4 of the Dungeon.
             The game lasted 00:18:15 (6684 turns).

issech the Chopper (Minotaur Monk)                  Turns: 6684, Time: 00:18:17

Health: -1/63      AC: 14    Str: 15    XL:     7   Next: 46%
Magic:  6/6        EV:  8    Int:  7    God:
Gold:   227        SH:  0    Dex: 15    Spells: 6/6 levels left

rFire   . . .      SeeInvis .   H - +0 war axe (flame)
rCold   . . .      Faith    .   (no shield)
rNeg    . . .      Spirit   .   w - +4 chain mail
rPois   .          Reflect  .   (helmet restricted)
rElec   .          Harm     .   i - +0 cloak
rCorr   +          Rampage  .   (no gloves)
Will    .....                   (no boots)
Stlth   ..........              (no amulet)
HPRegen 0.20/turn               f - ring of resist corrosion
MPRegen 0.10/turn               (no ring)

@: no status effects
A: horns 2, retaliatory headbutt
a: no special abilities


You were on level 4 of the Dungeon.
You visited 1 branch of the dungeon, and saw 5 of its levels.

You collected 227 gold pieces.

Inventory:

Hand Weapons
 a - a +0 hand axe
 n - a +0 hunting sling
 r - a +0 dagger of venom
 t - a +0 flail
 u - a +0 mace
 E - a +1 dagger of venom
 H - a +0 war axe of flaming (weapon)
Missiles
 b - 51 arrows
 e - 128 stones (quivered)
 k - 13 bolts
 C - a throwing net
 D - 20 sling bullets
Armour
 i - a +0 cloak (worn)
 w - a +4 chain mail (worn)
Jewellery
 f - a ring of resist corrosion (left hand)
 s - a ring of positive energy
Wands
 A - a wand of iceblast (2)
Scrolls
 h - 2 scrolls of identify {unknown}
 j - 2 scrolls of amnesia {unknown}
 m - 4 scrolls of teleportation {unknown}
 p - 2 scrolls of enchant armour {unknown}
 q - a scroll of noise {unknown}
 v - a scroll of torment {unknown}
 y - a scroll of vulnerability {unknown}
 z - a scroll of blinking {unknown}
 F - a scroll of holy word {unknown}
 G - a scroll of immolation {unknown}
Potions
 c - 2 potions of lignification {unknown}
 d - a potion of brilliance {unknown}
 g - a potion of ambrosia {unknown}
 l - 3 potions of degeneration {unknown}
 o - 3 potions of cancellation {unknown}
 x - a potion of magic {unknown}
 B - a potion of might {unknown}


   Skills:
 + Level 6.0 Fighting
 + Level 6.6 Axes
 + Level 2.1(2.3) Slings
 + Level 1.1(1.7) Throwing
 + Level 3.5 Armour
 + Level 4.5 Dodging
 + Level 2.4 Stealth


You had 6 spell levels left.
You didn't know any spells.
Your spell library contained the following spells:

 Spells                   Type           Power      Damage    Failure   Level
 Animate Dead             Necr           0%         N/A       100%        4
 Borgnjor's Vile Clutch   Necr/Erth      0%         N/A       100%        5
 Death Channel            Necr           0%         N/A       100%        6


Dungeon Overview and Level Annotations

Branches:
Dungeon (5/15)
 Temple: D:4-7

Altars:
Cheibriados
Elyvilon
Makhleb
Qazlal
Trog
Xom

Shops:
D:5 [


Innate Abilities, Weirdness & Mutations

You have a pair of horns on your head.
You reflexively headbutt those who attack you in melee.


Message History

The steam dragon claws you but does no damage.
The steam dragon bites you but does no damage.
The steam dragon claws you but does no damage.
You barely miss the steam dragon. You headbutt the steam dragon.
The steam dragon is lightly wounded.
The steam dragon barely misses you.
The steam dragon claws you but does no damage.
You closely miss the steam dragon.
You headbutt the steam dragon, but do no damage.
The steam dragon is lightly wounded.
The steam dragon bites you but does no damage.
The steam dragon claws you but does no damage.
You hit the steam dragon but do no damage.
The steam dragon is lightly wounded.
You are engulfed in a cloud of scalding steam.
The steam dragon breathes steam at you. The ball of steam hits you!
There is a stone staircase leading up here.
The steam dragon bites you but does no damage.
The steam dragon closely misses you.
You climb upwards.
There is a stone staircase leading down here.
You closely miss the steam dragon.
The steam dragon bites you but does no damage.
The steam dragon barely misses you.
You slash the steam dragon! You burn the steam dragon.
Your headbutt misses the steam dragon.
The steam dragon is moderately wounded.
The steam dragon closely misses you.
The steam dragon claws you but does no damage.
You closely miss the steam dragon. You headbutt the steam dragon.
The steam dragon is heavily wounded.
The steam dragon bites you.
* * * LOW HITPOINT WARNING * * *
The steam dragon barely misses you.
You hit the steam dragon but do no damage.
The steam dragon is heavily wounded.
The steam dragon breathes steam at you. The ball of steam hits you!
You die...

......##........# #.......####.._
................###.......# #...
......##...........[......# #.8.
................###.......## #...
.#.##...#.....### #........###...
.#.#..).......# #.........##...
....)##.......# ###.......#....
#.....#.....#.#######............
............#.##@..###....)##....
...#.#......#.##D..###.....##....
.#.#.#......#.##...##.......#....
.......##.###.##...##............
.#..#...#.# #.##...##.......###..
.#...##.#.# #.##...........## ###
.#.#..#...###......####...##
.#.##.##.##....#...# #####
.#.##..........#...###


You could see a steam dragon (catching breath).

Vanquished Creatures
  Sigmund (D:2)
  The ghost of pesado the Poker, an amateur MfGl (D:3)
  A howler monkey (D:4)
  A bullfrog zombie (D:5)
  2 hounds
  2 orc priests
  A bullfrog skeleton (D:5)
  Jessica (D:2)
  Natasha (thrice) (D:2)
  Robin (D:3)
  6 adders
  A shadow imp (D:5)
  2 adder skeletons (D:4)
  2 worms (D:4)
  A dart slug (D:1)
  9 orcs
  7 endoplasms
  3 giant cockroaches (D:1)
  14 goblins
  4 hobgoblins
  4 jackals (D:1)
  A quokka (D:4)
  7 ball pythons
  3 bats
  4 frilled lizards
  6 kobolds
  9 rats
97 creatures vanquished.

Notes
Turn   | Place    | Note
-------+----------+-------------------------------------------
     0 | D:1      | issech the Minotaur Monk began the quest for the Orb.
     0 | D:1      | Reached XP level 1. HP: 19/19 MP: 0/0
    98 | D:1      | Found a faded altar of an unknown god.
   223 | D:1      | Reached XP level 2. HP: 21/27 MP: 1/1
   786 | D:1      | Reached XP level 3. HP: 31/33 MP: 2/2
  1310 | D:2      | Noticed Sigmund
  1758 | D:2      | Noticed Natasha
  1772 | D:2      | Noticed Jessica
  1775 | D:2      | Killed Natasha
  1776 | D:2      | Reached XP level 4. HP: 33/41 MP: 3/3
  1852 | D:2      | Killed Jessica
  2085 | D:2      | Noticed Natasha
  2094 | D:2      | Killed Natasha
  2297 | D:3      | Reached skill level 5 in Axes
  2304 | D:3      | Reached XP level 5. HP: 24/47 MP: 4/4
  2545 | D:3      | You fall into a shaft and drop 1 floor!
  2589 | D:4      | Reached skill level 5 in Fighting
  2718 | D:4      | Reached XP level 6. HP: 45/56 MP: 5/5
  2728 | D:4      | Reached skill level 1 in Armour
  2935 | D:4      | Found a bloodstained altar of Trog.
  3013 | D:4      | Found a white marble altar of Elyvilon.
  3035 | D:4      | Found a stormy altar of Qazlal.
  3038 | D:4      | Found a burning altar of Makhleb.
  3038 | D:4      | Found a shimmering altar of Xom.
  3047 | D:4      | Found a snail-covered altar of Cheibriados.
  3768 | D:2      | Noticed Natasha
  3774 | D:2      | Killed Natasha
  4982 | D:2      | Killed Sigmund
  4983 | D:2      | Reached XP level 7. HP: 44/62 MP: 6/6
  5288 | D:3      | Noticed Robin
  5298 | D:3      | Killed Robin
  5387 | D:3      | Noticed pesado's ghost (amateur MfGl)
  5484 | D:3      | Found a runed translucent door.
  5809 | D:3      | Killed pesado's ghost
  6175 | D:5      | Entered Level 5 of the Dungeon
  6207 | D:5      | Found Iptoff's Armour Shoppe.
  6406 | D:5      | Reached skill level 1 in Throwing
  6560 | D:5      | Noticed a steam dragon
  6684 | D:4      | Killed from afar by a steam dragon

Illustrated notes

Levels and vault maps discovered:
D:1:      lemuel_arrival_funnel, layout_basic, ebering_ecumenical_altar_rust,
          nrook_mini_backslash, minivault_23
D:2:      layout_rooms, uniq_sigmund, uniq_natasha, uniq_jessica
D:3:      layout_basic, hellmonk_ghost_happy_afterlife, uniq_robin
D:4:      layout_rooms, nicolae_overflow_hallway_of_the_gods,
          lemuel_doored_altar
D:5:      layout_loops_cross, serial_co_window_serial, co_window_corner_a,
          co_window_paths_a, co_window_paths_a, co_window_paths_a,
          co_window_paths_a, co_window_of_opportunity_c, co_window_paths_c,
          co_window_corner_b, co_window_broadway_b, co_window_paths_c,
          co_window_unsneaky_path_d, co_window_4corner_a, glass_columns_a,
          glass_columns_c, nicolae_inconvenience_store

Skill      XL: |  1  2  3  4  5  6  7 |
---------------+----------------------+-----
Fighting       | 4 5 6 |  6.0
Axes           | 4 5 6 |  6.6
Stealth        | 2 |  2.4
Dodging        | 4 |  4.5
Armour         | 2 3 |  3.5
Slings         | 2 |  2.1
Throwing       | 1 |  1.1

Action                   |  1- 3 |  4- 6 |  7- 9 || total
-------------------------+-------+-------+-------++-------
Melee: Hand axe          |    83 |   139 |    35 ||   257
       Headbutt          |    12 |    19 |    23 ||    54
       Punch             |     1 |       |     1 ||     2
       Dagger            |       |       |    38 ||    38
       War axe           |       |       |    12 ||    12
 Fire: Hunting sling     |       |    55 |       ||    55
Throw: Boomerang         |       |       |     5 ||     5
       Stone             |       |       |     3 ||     3
 Stab: Sleeping          |     2 |     1 |       ||     3
Armor: Robe              |    19 |     6 |       ||    25
       Chain mail        |       |    85 |    60 ||   145
Dodge: Dodged            |    51 |    65 |    45 ||   161
